 Dungeon Crawl Stone Soup version 0.23.2-1-ga50397a (webtiles) character file.

Game seed: 5725169645972405380

565034 diana the Hoplite (level 25, 186/186 HPs)
             Began as a Demonspawn Gladiator on May 2, 2019.
             Was an Initiate of Gozag.
             Quit the game on level 1 of the Lair of Beasts.
             The game lasted 02:50:26 (60654 turns).

diana the Hoplite (Demonspawn Gladiator)           Turns: 60654, Time: 02:50:26

Health: 186/186    AC: 52    Str: 38    XL:     25   Next: 46%
Magic:  14/23      EV: 36    Int: 12    God:    Gozag
Gold:   9427       SH: 33    Dex: 26    Spells: 24/24 levels left

rFire    + + +     SeeInvis .   C - +11 scimitar of Trauma {vamp, +Rage rPois rF+}
rCold    + + .     Gourm    .   D - +0 large shield of Defence {rF+ rCorr Str+3}
rNeg     + . .     Faith    .   o - +9 plate armour of Spring {MR- Dex+6 Stlth+}
rPois    +         Spirit   .   y - +2 helmet
rElec    +         Reflect  +   T - +1 cloak of Starlight {rElec rC+ EV+4 Stlth--}
rCorr    +         Harm     .   Z - +4 pair of gloves of Music {rF+ MP-9 Int+5 Slay+6}
MR       .....                  (boots unavailable)
Stlth    ..........             q - amulet of Xytenash {Reflect rF- rN+ Str+9 SH+3}
HPRegen  0.41/turn              r - ring "Xesac" {rF+ MP+9 Str+6 Int-4 Slay+3}
MPRegen  0.18/turn              i - +6 ring of evasion

@: no status effects
A: talons 3, thin metallic scales 3, cold resistance 1, foul stench 2, icemail,
mutation resistance 1, electricity resistance, augmentation 2, rot immunity,
freezing cloud immunity
}: 3/15 runes: decaying, silver, gossamer
a: Potion Petition, Call Merchant, Bribe Branch, Renounce Religion, Evoke
Berserk Rage


You were on level 1 of the Lair of Beasts.
You worshipped Gozag.
Gozag was greatly pleased with you.
You were not hungry.

You visited 8 branches of the dungeon, and saw 44 of its levels.
You visited the Abyss 3 times.
You visited 1 bazaar.
You also visited: Sewer and Ossuary.

You collected 27688 gold pieces.
You spent 13490 gold pieces at shops.
You paid 4771 gold pieces to Gozag.

Inventory:

Hand Weapons
 C - the +11 scimitar of Trauma (weapon) {vamp, +Rage rPois rF+}
   (You bought it in a shop on level 3 of the Vaults)

   It inflicts no extra harm, but heals its wielder when it wounds a living foe.
   It protects you from fire.
   It protects you from poison.
   It lets you go berserk.
 S - the +2 long sword of Frustration {flame, Str+2}
   (You found it on level 15 of the Dungeon)

   It has been specially enchanted to burn those struck by it, causing extra
   injury to most foes and up to half again as much damage against particularly
   susceptible opponents.
   Big, fiery blades are also staple armaments of hydra-hunters.
   It affects your strength (+2).
Missiles
 d - 5 throwing nets (quivered)
Armour
 o - the +9 plate armour of Spring (worn) {MR- Dex+6 Stlth+}
   (You found it on level 5 of the Vaults)

   It affects your dexterity (+6).
   It affects your resistance to hostile enchantments.
   It makes you more stealthy.
 y - a +2 helmet (worn)
 D - the +0 large shield of Defence (worn) {rF+ rCorr Str+3}
   (You acquired it on level 1 of the Lair of Beasts)

   It affects your strength (+3).
   It protects you from fire.
   It provides partial protection from all sources of acid and corrosion.
 T - the +1 cloak of Starlight (worn) {rElec rC+ EV+4 Stlth--}
   (You bought it in a shop in a bazaar)

   It affects your evasion (+4).
   It protects you from cold.
   It insulates you from electricity.
   It makes you much less stealthy.
 Z - the +4 pair of gloves of Music (worn) {rF+ MP-9 Int+5 Slay+6}
   (You bought it in a shop on level 1 of the Lair of Beasts)

   It affects your intelligence (+5).
   It affects your accuracy and damage with ranged weapons and melee attacks
   (+6).
   It protects you from fire.
   It affects your magic capacity (-9).
Jewellery
 i - a +6 ring of evasion (right hand)
 q - the amulet of Xytenash (around neck) {Reflect rF- rN+ Str+9 SH+3}
   (You bought it in a shop on level 1 of the Lair of Beasts)

   [amulet of reflection]

   It shields you and reflects attacks.
   It affects your strength (+9).
   It makes you vulnerable to fire.
   It protects you from negative energy.
   It affects your SH (+3).
 r - the ring "Xesac" (left hand) {rF+ MP+9 Str+6 Int-4 Slay+3}
   (You bought it in a shop on level 1 of the Lair of Beasts)

   [ring of slaying]

   It affects your strength (+6).
   It affects your intelligence (-4).
   It affects your accuracy and damage with ranged weapons and melee attacks
   (+3).
   It protects you from fire.
   It affects your magic capacity (+9).
Wands
 h - a wand of acid (12)
 n - a wand of scattershot (15)
 x - a wand of disintegration (10)
 F - a wand of flame (142)
 L - a wand of digging (11)
 U - a wand of iceblast (64)
 X - a wand of clouds (4)
Scrolls
 a - 5 scrolls of enchant weapon
 b - 6 scrolls of enchant armour
 c - a scroll of brand weapon
 g - 21 scrolls of teleportation
 k - 8 scrolls of immolation
 s - 11 scrolls of fear
 t - 30 scrolls of remove curse
 w - 8 scrolls of blinking
 B - 8 scrolls of fog
 G - a scroll of amnesia
 H - 10 scrolls of magic mapping
 J - 6 scrolls of identify
 K - 2 scrolls of summoning
 N - 2 scrolls of silence
 P - 2 scrolls of holy word
Potions
 e - 3 potions of berserk rage
 j - 9 potions of ambrosia
 l - 6 potions of might
 m - 5 potions of resistance
 p - 2 potions of mutation
 u - 21 potions of curing
 v - 9 potions of heal wounds
 z - 7 potions of agility
 A - 3 potions of brilliance
 E - 10 potions of haste
 I - 8 potions of flight
 O - 6 potions of magic
 Q - 2 potions of invisibility
 R - 5 potions of cancellation
Comestibles
 f - 33 rations


   Skills:
 + Level 12.8 Fighting
 - Level 14.0 Long Blades
 - Level 1.7 Throwing
 + Level 15.4 Armour
 + Level 19.2 Dodging
 - Level 26.1 Shields


You had 24 spell levels left.
You didn't know any spells.
Your spell library contained the following spells:

 Spells                   Type           Power        Failure   Level  Hunger
 Animate Skeleton         Necr           N/A          77%         1    ##.....
 Apportation              Tloc           #.....       77%         1    ##.....
 Beastly Appendage        Tmut           #.....       77%         1    ##.....
 Confusing Touch          Hex            #.....       77%         1    ##.....
 Corona                   Hex            #......      77%         1    ##.....
 Flame Tongue             Conj/Fire      #....        77%         1    ##.....
 Infusion                 Chrm           #...         77%         1    ##.....
 Magic Dart               Conj           #...         77%         1    ##.....
 Pain                     Necr           #...         77%         1    ##.....
 Shock                    Conj/Air       #...         77%         1    ##.....
 Sting                    Conj/Pois      #...         77%         1    ##.....
 Summon Butterflies       Summ           #.......     77%         1    ##.....
 Summon Small Mammal      Summ           #...         77%         1    ##.....
 Blink                    Tloc           N/A          88%         2    ###....
 Call Imp                 Summ           #.......     88%         2    ###....
 Corpse Rot               Necr           N/A          88%         2    ###....
 Ensorcelled Hibernation  Hex/Ice        #.....       88%         2    ###....
 Passwall                 Tmut/Erth      #.......     88%         2    ###....
 Poisonous Vapours        Pois/Air       #.....       88%         2    ###....
 Shroud of Golubria       Chrm/Tloc      #.........   88%         2    ###....
 Slow                     Hex            #.......     88%         2    ###....
 Song of Slaying          Chrm           #.......     88%         2    ###....
 Sticks to Snakes         Tmut           #.......     88%         2    ###....
 Sublimation of Blood     Necr           #.........   88%         2    ###....
 Swiftness                Chrm/Air       #.......     88%         2    ###....
 Throw Flame              Conj/Fire      #.....       88%         2    ###....
 Call Canine Familiar     Summ           #.......     98%         3    ####...
 Confuse                  Hex            #.......     98%         3    ####...
 Conjure Flame            Conj/Fire      #.......     98%         3    ####...
 Dazzling Spray           Conj/Hex       #.....       98%         3    ####...
 Gell's Gravitas          Tloc           #.........   98%         3    ####...
 Inner Flame              Hex/Fire       #.......     98%         3    ####...
 Lesser Beckoning         Tloc           #.........   98%         3    ####...
 Mephitic Cloud           Conj/Pois/Air  #.......     98%         3    ####...
 Portal Projectile        Hex/Tloc       #.....       98%         3    ####...
 Recall                   Summ/Tloc      N/A          98%         3    ####...
 Regeneration             Chrm/Necr      #.........   98%         3    ####...
 Spectral Weapon          Hex/Chrm       #.......     98%         3    ####...
 Spider Form              Tmut/Pois      #.........   98%         3    ####...
 Static Discharge         Conj/Air       #.......     98%         3    ####...
 Stone Arrow              Conj/Erth      #.....       98%         3    ####...
 Summon Guardian Golem    Hex/Summ       #.......     98%         3    ####...
 Tukima's Dance           Hex            #.......     98%         3    ####...
 Vampiric Draining        Necr           #.........   98%         3    ####...
 Airstrike                Air            #.........   100%        4    #####..
 Animate Dead             Necr           N/A          100%        4    #####..
 Cause Fear               Hex            #.........   100%        4    #####..
 Force Lance              Conj/Tloc      #.......     100%        4    #####..
 Ice Form                 Ice/Tmut       #.......     100%        4    #####..
 Leda's Liquefaction      Hex/Erth       #.........   100%        4    #####..
 Olgreb's Toxic Radiance  Pois           #.......     100%        4    #####..
 Passage of Golubria      Tloc           N/A          100%        4    #####..
 Petrify                  Tmut/Erth      #.......     100%        4    #####..
 Sticky Flame             Conj/Fire      #.......     100%        4    #####..
 Summon Ice Beast         Ice/Summ       #.......     100%        4    #####..
 Summon Lightning Spire   Summ/Air       #.......     100%        4    #####..
 Agony                    Necr           #.......     100%        5    ######.
 Alistair's Intoxication  Tmut/Pois      #.......     100%        5    ######.
 Aura of Abjuration       Summ           #.........   100%        5    ######.
 Blade Hands              Tmut           #.........   100%        5    ######.
 Bolt of Draining         Conj/Necr      #.........   100%        5    ######.
 Bolt of Magma            Conj/Fire/Erth #.........   100%        5    ######.
 Borgnjor's Vile Clutch   Necr/Erth      #.........   100%        5    ######.
 Dispel Undead            Necr           #.......     100%        5    ######.
 Excruciating Wounds      Chrm/Necr      #.........   100%        5    ######.
 Fireball                 Conj/Fire      #.........   100%        5    ######.
 Lee's Rapid Deconstruct  Erth           #.........   100%        5    ######.
 Lightning Bolt           Conj/Air       #.........   100%        5    ######.
 Metabolic Englaciation   Hex/Ice        #.........   100%        5    ######.
 Silence                  Hex/Air        #.........   100%        5    ######.
 Summon Demon             Summ           #.........   100%        5    ######.
 Summon Forest            Summ/Tloc      #.........   100%        5    ######.
 Summon Mana Viper        Hex/Summ       #.......     100%        5    ######.
 Venom Bolt               Conj/Pois      #.........   100%        5    ######.
 Yara's Violent Unravell  Hex/Tmut       #.........   100%        5    ######.
 Bolt of Cold             Conj/Ice       #.........   100%        6    #######
 Bolt of Fire             Conj/Fire      #.........   100%        6    #######
 Conjure Ball Lightning   Conj/Air       #.........   100%        6    #######
 Darkness                 Hex            #.........   100%        6    #######
 Death Channel            Necr           #.........   100%        6    #######
 Dispersal                Tloc           #.........   100%        6    #######
 Freezing Cloud           Conj/Ice/Air   #.........   100%        6    #######
 Hydra Form               Tmut           #.........   100%        6    #######
 Invisibility             Hex            #.......     100%        6    #######
 Iron Shot                Conj/Erth      #.........   100%        6    #######
 Ozocubu's Refrigeration  Ice            #.........   100%        6    #######
 Shadow Creatures         Summ           N/A          100%        6    #######
 Simulacrum               Ice/Necr       #.........   100%        6    #######
 Malign Gateway           Summ/Tloc      #.........   100%        7    #######
 Spellforged Servitor     Conj/Summ      #.........   100%        7    #######
 Summon Hydra             Summ           #.........   100%        7    #######
 Controlled Blink         Tloc           N/A          100%        8    #######
 Disjunction              Tloc           #.........   100%        8    #######


Dungeon Overview and Level Annotations

Branches:
Dungeon (15/15)            Temple (0/1) D:5            Lair (6/6) D:11
  Swamp (4/4) Lair:4       Spider (4/4) Lair:2        Slime (0/5) Lair:5
    Orc (2/2) D:9             Elf (3/3) Orc:2        Vaults (5/5) D:13
  Crypt (0/3) Vaults:3     Depths (5/5) D:15            Zot (0/5) Depths:5

Altars:
Ashenzari
Dithmenos
Fedhas
Gozag
Hepliaklqana
Makhleb
Nemelex Xobeh
Okawaru
Sif Muna
Trog
Wu Jian
Xom
Zin
The Shining One
Beogh
Jiyva

Shops:
D:6 }   D:10 ?   D:11 [   Orc:1 :   Orc:2 :![?   Elf:1 (   Elf:3 ?
Lair:1 *=[=   Vaults:2 :   Vaults:3 (   Vaults:4 :   Vaults:5 ?

Portals:
Hell: Depths:1 Depths:2 Depths:3 Depths:4 Depths:5
Abyss: Depths:4
Pandemonium: Orc:2 Depths:3
Ziggurat: Depths:1

Annotations:
D:10 Urug
D:15 2 transporters, Frank's ghost, journeyman OpFi
Lair:2 exclusion: 3 oklob plants
Elf:2 3 runed translucent doors
Depths:3 3 runed translucent doors, DungeonDestroyer's ghost, adept MiFi


Innate Abilities, Weirdness & Mutations

You have claws for feet.
You are completely covered in thin metallic scales. (AC +4, rElec)
Your flesh is cold resistant. (rC+)
You frequently emit foul miasma when damaged in melee.
A meltable icy envelope protects you from harm. (AC +10)
Your magical and physical power is enhanced at high health.
You are immune to rotting.
You are immune to freezing clouds.
You are somewhat resistant to further mutation.
You are resistant to electric shocks. (rElec)


Message History

(D) Dungeon (T) Temple (L) Lair (S) Swamp (N) Spider Nest (M) Slime Pits (O) Orcish Mines (E) Elven Halls (V) Vaults (C) Crypt (U) Depths (H) Hell (Z) Zot
Where to? (Enter - Lair:1 @ (x,y), ? - help)
Okay, then.
r - the ring "Xesac" {rF+ MP+9 Str+6 Int-4 Slay+3} Wear which item? (? for menu, Esc to quit)
You start putting on your armour.
You continue putting on your +2 helmet. x4
You finish putting on your +2 helmet.
Put on which piece of jewellery? (? for menu, Esc to quit)
r - the ring "Xesac" (left hand) {rF+ MP+9 Str+6 Int-4 Slay+3} Done exploring.
(D) Dungeon (T) Temple (L) Lair (S) Swamp (N) Spider Nest (M) Slime Pits (O) Orcish Mines (E) Elven Halls (V) Vaults (C) Crypt (U) Depths (H) Hell (Z) Zot
Where to? (Enter - Lair:1 @ (x,y), ? - help)
Okay, then.
Are you sure you want to abandon this character and quit the game? (Confirm with "yes".)

...# ...# ...# ...# #######
###
...##########..##.#########.#
...........................##
..................?∩[.....##
.................∩?∩=<....#
................@["[[....##
..................=∩.....#
........................##
........................##
...########.#P..####..^#.#
...# ####### #....### ...#
##...P# ...# ###.....# ...#
#.....###


There were no monsters in sight!

Vanquished Creatures
  An ancient lich (Depths:4)
  Frederick (Vaults:3)
  5 golden dragons
  Jory (Vaults:4)
  Nikola (Elf:3)
  6 tentacled monstrosities
  A Brimstone Fiend (Depths:1)
  3 liches
  A Hell Sentinel (Vaults:5)
  2 deep elf blademasters (Elf:3)
  A deep elf master archer (Elf:3)
  5 titans
  5 acid blobs (Depths:5)
  An Executioner (Abyss:3)
  A tentacled starspawn (Abyss:3)
  4 sphinxes
  The ghost of Ahoash the Brawler, an adept TrMo of Nemelex Xobeh (Depths:5)
  A thorn hunter (Swamp:4)
  Kirke (Lair:4)
  8 tengu reavers
  11 frost giants
  7 fire giants
  2 iron dragons (Vaults:5)
  3 storm dragons
  5 deep elf sorcerers
  A balrug (Depths:3)
  A cacodemon (Depths:1)
  A ghost moth (shapeshifter) (Vaults:5)
  Louise (D:15)
  The ghost of Karim the Basher, a journeyman NaFi of Okawaru (Depths:1)
  6 deep elf elementalists
  A curse skull (Depths:4)
  4 emperor scorpions
  An orc warlord (Orc:1)
  22 vault wardens
  Aizul (Depths:2)
  5 ghost moths
  3 draconian shifters
  23 stone giants
  A spriggan defender (Depths:2)
  13 ironheart preservers
  3 draconian annihilators
  11 very ugly things
  The ghost of arctice the Bludgeoner, a journeyman TeFi of Ru (D:13)
  3 vampire knights (Depths:4)
  3 war gargoyles (Vaults:5)
  4 entropy weavers
  5 deep elf demonologists
  7 deep elf annihilators
  A red draconian (Depths:5)
  2 purple draconians (Depths:5)
  A lorocyproca (Depths:1)
  8 spark wasps
  A yellow draconian (Depths:5)
  7 deep elf death magi
  9 ettins
  8 death oozes (Depths:5)
  11 fire dragons
  An ettin (shapeshifter) (Vaults:5)
  2 merfolk impalers
  Snorg (D:10)
  11 great orbs of eyes
  Fannar (Lair:3)
  6 deep elf high priests
  11 ice dragons
  33 vault guards
  29 hydras
  22 yaktaur captains
  2 shambling mangroves (Swamp:4)
  Harold (D:7)
  3 catoblepae
  2 ghost crabs
  The ghost of totalnoob the Magician, a novice GnEE of Cheibriados (D:8)
  9 rakshasas
  Erica (D:10)
  10 centaur warriors
  8 death scarabs (Spider:4)
  The ghost of Flogoulo the Cleaver, a novice HOMo of Beogh (D:8)
  5 spriggan air magi
  16 alligators
  A merfolk aquamancer (Depths:4)
  13 deep troll shamans
  8 tengu warriors
  A death knight (Vaults:2)
  7 deep troll earth magi
  16 two-headed ogres
  7 ogre magi
  A queen ant (Spider:2)
  13 death yaks
  A thrashing horror (Abyss:3)
  2 vampire magi
  2 large abominations (Abyss:3)
  A shock serpent (shapeshifter) (Vaults:1)
  4 orc high priests (Orc:2)
  8 spriggan berserkers
  7 soul eaters
  Nergalle (D:11)
  15 deep elf knights
  4 sun demons
  Sonja (Orc:2)
  4 skeletal warriors (Vaults:1)
  An iron troll (Depths:5)
  5 glowing orange brains
  2 spatial maelstroms (Abyss:3)
  A storm dragon skeleton (Depths:3)
  35 deep trolls
  A deep troll (shapeshifter) (Depths:3)
  A flayed ghost (Vaults:1)
  4 spriggan druids
  The ghost of Errno the Covert, a novice OpAs (D:8)
  An unseen horror (shapeshifter) (Elf:1)
  2 unseen horrors
  14 ironbrand convokers
  2 spectral wolf spiders (Spider:4)
  3 torturous demonspawn (Orc:2)
  8 wizards
  15 swamp dragons
  Pikel (D:9)
  55 deep elf magi
  3 wolf spider zombies (Spider:4)
  14 orb spiders
  19 deep elf archers
  19 orc knights
  3 phantasmal warriors (Vaults:5)
  2 frost giant zombies (Depths:3)
  6 necromancers
  A wolf spider (shapeshifter) (Depths:1)
  10 orc sorcerers
  30 wolf spiders
  3 manticores
  A stone giant skeleton (Vaults:3)
  A salamander (Depths:3)
  46 ugly things
  6 cyclopes
  A manticore (shapeshifter) (Vaults:1)
  A cyclops (shapeshifter) (Depths:2)
  A faun (shapeshifter) (Vaults:5)
  3 moths of wrath
  A black mamba (shapeshifter) (D:15)
  A moth of wrath (shapeshifter) (Depths:3)
  6 black mambas
  A guardian serpent (Lair:6)
  A rust devil (Orc:2)
  A smoke demon (Abyss:3)
  A guardian serpent (shapeshifter) (D:13)
  4 orange demons (Depths:1)
  A gargoyle (D:15)
  An eye of devastation (shapeshifter) (Depths:4)
  24 vault sentinels
  A spriggan skeleton (Depths:3)
  20 spiny frogs
  3 spectral redbacks (Spider:4)
  A human zombie (Vaults:3)
  4 freezing wraiths
  A kobold demonologist (D:13)
  8 komodo dragons
  A komodo dragon (shapeshifter) (Vaults:5)
  An efreet (D:13)
  2 ancient zymes (Abyss:3)
  A yaktaur (shapeshifter) (Vaults:5)
  47 yaktaurs
  A red devil (Orc:2)
  12 demonic crawlers
  4 tengu conjurers
  2 ice devils
  An elf skeleton (Depths:3)
  A hellwing (Abyss:3)
  11 trolls
  10 polar bears
  9 tyrant leeches
  3 blink frogs
  37 jumping spiders
  3 spectral jumping spiders (Spider:4)
  A polar bear (shapeshifter) (Vaults:4)
  A tengu simulacrum (Vaults:1)
  25 hornets
  A blink frog (shapeshifter) (Depths:3)
  5 spectral tarantellas (Spider:4)
  A hornet (shapeshifter) (Vaults:5)
  7 bog bodies
  A jumping spider zombie (Spider:4)
  A frost giant simulacrum (Vaults:3)
  6 hippogriffs
  A hippogriff (shapeshifter) (Vaults:4)
  A tarantella zombie (Spider:4)
  2 raiju (Lair:6)
  2 small abominations
  43 slime creatures
  60 redbacks
  5 vampires
  2 air elementals
  A flying skull (Abyss:3)
  6 shadows
  29 tarantellas
  4 starcursed masses (Abyss:3)
  30 yaks
  3 ynoxinuls
  8 spriggans
  A spriggan (shapeshifter) (Vaults:1)
  19 water elementals
  12 wyverns
  6 wraiths
  2 basilisks
  4 fire bats
  2 fire elementals
  A golden eye (Abyss:3)
  3 chaos spawn
  4 hogs (Lair:4)
  2 humans (D:10)
  Grum (D:10)
  8 vampire mosquitoes
  A spatial vortex (Abyss:3)
  A redback simulacrum (D:14)
  13 swamp worms
  6 hungry ghosts
  10 soldier ants (Spider:2)
  Menkaure (D:5)
  16 wargs
  3 insubstantial wisps (Swamp:4)
  2 acid dragons
  21 water moccasins
  Duvessa (D:5)
  6 porcupines
  A floating eye (shapeshifter) (Vaults:5)
  13 hell hounds (Lair:6)
  9 swamp drakes
  12 black bears
  2 ice beasts
  57 orc warriors
  4 hornet zombies
  2 sky beasts
  A black bear (shapeshifter) (Vaults:3)
  5 eyes of draining
  A necrophage (D:9)
  4 phantoms
  19 wolves
  20 ogres
  17 boggarts
  18 centaurs
  14 crocodiles
  2 big kobolds
  17 bullfrogs
  Dowan (D:5)
  2 earth elementals
  A water moccasin skeleton (D:12)
  7 scorpions
  5 wights
  19 killer bees
  3 electric eels
  A howler monkey (D:4)
  7 crimson imps
  A centaur zombie (D:6)
  A quasit (D:13)
  A bullfrog zombie (D:9)
  8 hounds
  11 jellies
  42 orc priests
  5 centaur skeletons
  35 orc wizards
  2 bullfrog skeletons
  Jessica (D:2)
  7 iguanas
  27 worker ants
  4 mummies (Ossuary)
  3 hound skeletons
  3 worker ant zombies
  9 gnolls
  22 adders
  3 shadow imps
  An ufetubus (Abyss:3)
  6 oozes
  2 adder zombies (D:9)
  2 dart slugs (D:4)
  4 worms
  5 leopard geckos
  120 orcs
  5 bats
  A bat (shapeshifter) (Vaults:5)
  10 giant cockroaches
  5 gnoll zombies (Ossuary)
  4 goblins
  9 hobgoblins
  11 jackals
  3 quokkas
  4 ball pythons
  7 frilled lizards
  6 gnoll skeletons (Ossuary)
  3 goblin skeletons (Ossuary)
  4 goblin zombies (Ossuary)
  3 hobgoblin skeletons (Ossuary)
  A jackal skeleton (D:5)
  12 kobolds
  5 kobold skeletons (Ossuary)
  5 kobold zombies (Ossuary)
  A leopard gecko skeleton (D:4)
  4 orc skeletons (Ossuary)
  5 orc zombies (Ossuary)
  5 rats
  4 rat skeletons (Ossuary)
  6 rat zombies (Ossuary)
  A briar patch (Swamp:4)
  A plant (Lair:6)
2195 creatures vanquished.

Vanquished Creatures (others)
  A deep elf master archer (Elf:3)
  An ironheart preserver (Vaults:4)
  A deep elf death mage (Vaults:5)
  A yaktaur captain (Vaults:5)
  8 dancing weapons
  A deep elf archer (Vaults:4)
  A deep elf mage (Elf:2)
  A cyclops (Vaults:1)
  A worldbinder (Abyss:3)
  A vault sentinel (Vaults:1)
  A centaur skeleton (D:9)
  5 yaktaurs
  A slime creature (Swamp:2)
  A redback (Spider:4)
  A human (Depths:4)
  A boggart (Depths:3)
  An ogre (Vaults:5)
  4 centaurs
  A quokka (D:10)
  3 briar patches (Swamp:4)
  A fungus (Lair:6)
  35 plants
  2 starspawn tentacles (Abyss:3)
74 creatures vanquished.

Grand Total: 2269 creatures vanquished

Notes
Turn   | Place    | Note
-------+----------+-------------------------------------------
     0 | D:1      | diana the Demonspawn Gladiator began the quest for the Orb.
     0 | D:1      | Reached XP level 1. HP: 16/16 MP: 1/1
    95 | D:1      | Gained mutation: You have sharp toenails. [demonic
                  | ancestry]
    95 | D:1      | Reached XP level 2. HP: 19/22 MP: 2/2
   161 | D:1      | Reached skill level 1 in Armour
   519 | D:2      | Gained mutation: You have razor-sharp toenails. [demonic
                  | ancestry]
   519 | D:2      | Reached XP level 3. HP: 27/28 MP: 3/3
   959 | D:2      | Gained mutation: Your flesh is cold resistant. (rC+)
                  | [demonic ancestry]
   959 | D:2      | Reached XP level 4. HP: 24/34 MP: 4/4
  1035 | D:2      | Found a hazy altar of Hepliaklqana.
  1093 | D:2      | Noticed Jessica
  1106 | D:2      | Killed Jessica
  1137 | D:2      | Found an ornate altar of the Wu Jian Council.
  1137 | D:2      | Found a deep blue altar of Sif Muna.
  1142 | D:2      | Found an opulent altar of Gozag.
  1145 | D:2      | Found a burning altar of Makhleb.
  1147 | D:2      | Found a shadowy altar of Dithmenos.
  1153 | D:2      | Became a worshipper of Gozag Ym Sagoz the Greedy
  1828 | D:3      | Reached XP level 5. HP: 39/40 MP: 5/5
  1965 | D:3      | Found a shattered altar of Ashenzari.
  2176 | D:3      | Found a sparkling altar of Nemelex Xobeh.
  2388 | D:3      | Found a bloodstained altar of Trog.
  2391 | D:3      | Found an iron altar of Okawaru.
  2877 | D:4      | Gained mutation: You are immune to rotting. [demonic
                  | ancestry]
  2877 | D:4      | Reached XP level 6. HP: 34/47 MP: 6/6
  3916 | D:4      | Gained mutation: You are immune to freezing clouds.
                  | [demonic ancestry]
  3916 | D:4      | Reached XP level 7. HP: 52/53 MP: 7/7
  4119 | D:4      | You fall through a shaft for 2 floors!
  4124 | D:6      | Gained mutation: You occasionally shout uncontrollably at
                  | your foes. [potion of mutation]
  4124 | D:6      | Gained mutation: Armour fits poorly on your strangely
                  | shaped body. [potion of mutation]
  4124 | D:6      | Gained mutation: You evolve. [potion of mutation]
  4125 | D:6      | Lost mutation: Armour fits poorly on your strangely shaped
                  | body. [potion of mutation]
  4125 | D:6      | Lost mutation: You evolve. [potion of mutation]
  4125 | D:6      | Lost mutation: You occasionally shout uncontrollably at
                  | your foes. [potion of mutation]
  4125 | D:6      | Gained mutation: You are resistant to electric shocks.
                  | (rElec) [potion of mutation]
  4125 | D:6      | Gained mutation: You have claws for feet. [potion of
                  | mutation]
  4125 | D:6      | Gained mutation: You are somewhat resistant to further
                  | mutation. [potion of mutation]
  4173 | D:6      | Found a glowing drain.
  4202 | Sewer    | Entered a sewer
  4915 | D:5      | Entered Level 5 of the Dungeon
  4980 | D:5      | Noticed Menkaure
  4987 | D:5      | Killed Menkaure
  4987 | D:5      | Reached skill level 5 in Armour
  5021 | D:5      | Found a glowing silver altar of Zin.
  5094 | D:5      | Found a staircase to the Ecumenical Temple.
  5094 | D:5      | Reached XP level 8. HP: 61/61 MP: 8/8
  5185 | D:5      | Found a blossoming altar of Fedhas.
  5330 | D:5      | Found a sand-covered staircase.
  5337 | Ossuary  | Entered an ossuary
  5505 | Ossuary  | Reached skill level 5 in Dodging
  5846 | D:5      | Reached skill level 5 in Fighting
  5846 | D:5      | Reached skill level 5 in Long Blades
  6190 | D:4      | Found a glowing golden altar of the Shining One.
  6379 | D:5      | Noticed Duvessa
  6379 | D:5      | Noticed Dowan
  6393 | D:5      | Killed Duvessa
  6412 | D:5      | Killed Dowan
  6977 | D:6      | Found Pampi's Gadget Shoppe.
  7248 | D:6      | Got an ancient leather armour
  7259 | D:6      | Identified the +2 leather armour "Tal Ryi" {+Fly rF- rC+}
                  | (You found it on level 6 of the Dungeon)
  7597 | D:7      | Gained mutation: You may emit foul miasma when damaged in
                  | melee. [demonic ancestry]
  7597 | D:7      | Reached XP level 9. HP: 69/69 MP: 9/9
  7743 | D:7      | Noticed Harold
  7894 | D:7      | Killed Harold
  8928 | D:8      | Found a runed translucent gate.
  8928 | D:8      | Found a runed translucent gate.
  8929 | D:8      | Found a runed translucent gate.
  8930 | D:8      | Noticed Errno's ghost (novice OpAs)
  8930 | D:8      | Noticed totalnoob's ghost (novice GnEE)
  8930 | D:8      | Noticed Flogoulo's ghost (novice HOMo)
  9125 | D:8      | Gained mutation: A meltable icy envelope protects you from
                  | harm. (AC +10) [demonic ancestry]
  9125 | D:8      | Reached XP level 10. HP: 36/79 MP: 10/10
 10119 | D:9      | Found a staircase to the Orcish Mines.
 10155 | D:9      | Noticed Pikel
 10177 | D:9      | Killed Pikel
 10547 | D:10     | Entered Level 10 of the Dungeon
 10572 | D:10     | Reached skill level 10 in Dodging
 10745 | D:10     | Noticed Erica
 10775 | D:10     | Killed Erica
 11098 | D:10     | Noticed Grum
 11108 | D:10     | Killed Grum
 11108 | D:10     | Reached XP level 11. HP: 86/86 MP: 11/11
 11197 | D:10     | Found an iron altar of Okawaru.
 11228 | D:10     | Killed an unseen horror
 11360 | D:10     | Noticed a two-headed ogre
 11368 | D:10     | Killed a two-headed ogre
 11377 | D:10     | Noticed Urug
 11379 | D:10     | Found Ishaug's Magic Scroll Shop.
 11379 | D:10     | Noticed Snorg
 11756 | D:11     | Reached skill level 10 in Long Blades
 11768 | D:11     | Noticed a death yak
 11795 | D:11     | Killed a death yak
 11868 | D:11     | Noticed a death yak
 11868 | D:11     | Noticed a death yak
 11868 | D:11     | Noticed a death yak
 11869 | D:11     | Noticed a death yak
 11869 | D:11     | Noticed a death yak
 11888 | D:11     | Noticed a death yak
 11889 | D:11     | Noticed a death yak
 11893 | D:11     | Killed a death yak
 12002 | D:10     | Killed a death yak
 12203 | D:10     | Bought a scroll of vulnerability for 97 gold pieces
 12203 | D:10     | Bought a scroll of enchant weapon for 97 gold pieces
 12203 | D:10     | Bought a scroll of remove curse for 39 gold pieces
 12203 | D:10     | Bought a scroll of identify for 26 gold pieces
 12203 | D:10     | Bought a scroll of identify for 26 gold pieces
 12275 | D:10     | Killed Snorg
 12304 | D:10     | Killed a death yak
 12473 | D:10     | Killed a death yak
 12650 | D:10     | Killed a death yak
 12783 | D:11     | Killed a death yak
 12788 | D:11     | Killed a death yak
 12788 | D:11     | Gained mutation: You are partially covered in thin metallic
                  | scales. (AC +2) [demonic ancestry]
 12788 | D:11     | Reached XP level 12. HP: 57/93 MP: 12/12
 13105 | D:11     | Got a polished ring mail
 13116 | D:11     | Identified the +1 ring mail "Ygousee" {Str+2} (You found it
                  | on level 11 of the Dungeon)
 13338 | D:11     | Bought a spiked cloak for 228 gold pieces
 13338 | D:11     | Bought a dazzling scale mail for 216 gold pieces
 13348 | D:11     | Identified the +2 cloak "Qamoer" {MR+++ rCorr Str-5 Stlth+}
                  | (You bought it in a shop on level 11 of the Dungeon)
 13364 | D:11     | Identified the +2 scale mail of Xuakud {rPois rCorr Int-3}
                  | (You bought it in a shop on level 11 of the Dungeon)
 13364 | D:11     | Bought a jewelled plate armour for 672 gold pieces
 13374 | D:11     | Identified the +7 plate armour of Repulsion {rF- Int-2
                  | Dex+7 Stlth+} (You bought it in a shop on level 11 of the
                  | Dungeon)
 13407 | D:11     | Found a staircase to the Lair.
 13420 | D:11     | Noticed Nergalle
 13436 | D:11     | Killed Nergalle
 13883 | D:12     | Noticed a four-headed hydra
 13889 | D:12     | Killed a one-headed hydra
 14331 | Lair:1   | Entered Level 1 of the Lair of Beasts
 14399 | Lair:1   | Reached skill level 10 in Fighting
 14943 | Lair:2   | Noticed a seven-headed hydra
 14954 | Lair:2   | Killed a five-headed hydra
 15059 | Lair:2   | Noticed a five-headed hydra
 15067 | Lair:2   | Killed a one-headed hydra
 15067 | Lair:2   | Reached XP level 13. HP: 87/106 MP: 11/13
 15482 | Lair:2   | Found a hole to the Spider Nest.
 15793 | Lair:2   | Reached skill level 1 in Shields
 15980 | Lair:3   | Reached skill level 2 in Shields
 16086 | Lair:3   | Noticed Fannar
 16211 | Lair:3   | Killed Fannar
 16371 | Lair:3   | Reached skill level 3 in Shields
 16904 | Lair:4   | Reached skill level 4 in Shields
 16906 | Lair:4   | Noticed Kirke
 17049 | Lair:4   | Noticed a sphinx
 17050 | Lair:4   | Killed Kirke
 17806 | Lair:4   | Found a staircase to the Swamp.
 18243 | Lair:5   | Found a runed translucent door.
 18243 | Lair:5   | Found a viscous altar of Jiyva.
 18243 | Lair:5   | Found a staircase to the Slime Pits.
 18522 | Lair:6   | Entered Level 6 of the Lair of Beasts
 18964 | Lair:6   | Reached XP level 14. HP: 77/113 MP: 14/14
 19333 | Lair:6   | Got a dazzling scimitar
 19349 | Lair:6   | Identified the +6 scimitar "Gywayroy" {slice, rC+ Dex+7}
                  | (You found it on level 6 of the Lair of Beasts)
 21290 | D:13     | Found a runed translucent gate.
 21290 | D:13     | Found a runed translucent gate.
 21290 | D:13     | Found a runed translucent gate.
 21290 | D:13     | Noticed arctice's ghost (journeyman TeFi)
 21340 | D:13     | Found a gate to the Vaults.
 21685 | D:8      | Killed Flogoulo's ghost
 21695 | D:8      | Killed totalnoob's ghost
 21695 | D:8      | Reached skill level 10 in Armour
 21698 | D:8      | Killed Errno's ghost
 22033 | D:14     | Gained mutation: You are mostly covered in thin metallic
                  | scales. (AC +3) [demonic ancestry]
 22033 | D:14     | Reached XP level 15. HP: 119/119 MP: 15/15
 22662 | D:15     | Entered Level 15 of the Dungeon
 22717 | D:15     | Paralysed by a wizard for 6 turns
 22885 | D:15     | Found a transporter.
 22890 | D:15     | Got a bloodstained long sword
 22897 | D:15     | Identified the cursed +2 long sword of Frustration {flame,
                  | Str+2} (You found it on level 15 of the Dungeon)
 22906 | D:15     | Noticed Frank's ghost (journeyman OpFi)
 22964 | D:15     | Found a transporter.
 23176 | D:15     | Noticed Louise
 23189 | D:15     | Cast into level 3 of the Abyss (Louise)
 23325 | Abyss:3  | Noticed a bone dragon
 23406 | Abyss:3  | Noticed a tentacled starspawn
 23420 | Abyss:3  | Killed a tentacled starspawn
 23458 | Abyss:3  | Paralysed by accursed screaming for 1 turns
 23494 | Abyss:3  | Noticed an Executioner
 23509 | Abyss:3  | Killed an Executioner
 23523 | D:15     | Escaped the Abyss
 23546 | D:15     | Killed Louise
 23834 | D:15     | Found a staircase to the Depths.
 24263 | D:13     | Killed arctice's ghost
 24427 | Orc:1    | Entered Level 1 of the Orcish Mines
 24436 | Orc:1    | Found a roughly hewn altar of Beogh.
 24533 | Orc:1    | Noticed an orc warlord
 24566 | Orc:1    | Killed an orc warlord
 24819 | Orc:1    | Reached skill level 15 in Dodging
 24956 | Orc:1    | Found Yngua's Book Boutique.
 25212 | Orc:2    | Entered Level 2 of the Orcish Mines
 25212 | Orc:2    | Found a staircase to the Elven Halls.
 25921 | Orc:2    | Found Turhat's Distillery.
 25922 | Orc:2    | Found Yfena's Magic Scroll Boutique.
 26245 | Orc:2    | Bought a scroll of identify for 30 gold pieces
 26261 | Orc:2    | Bought a potion of curing for 42 gold pieces
 26261 | Orc:2    | Bought 2 potions of curing for 84 gold pieces
 26261 | Orc:2    | Bought a potion of heal wounds for 70 gold pieces
 26261 | Orc:2    | Bought a potion of curing for 42 gold pieces
 26261 | Orc:2    | Bought 2 potions of curing for 84 gold pieces
 26261 | Orc:2    | Bought a potion of agility for 56 gold pieces
 26261 | Orc:2    | Bought a potion of agility for 56 gold pieces
 26261 | Orc:2    | Bought a potion of haste for 140 gold pieces
 26445 | Orc:2    | Noticed Sonja
 26459 | Orc:2    | Killed Sonja
 26467 | Orc:2    | Gained mutation: Your magical and physical power is
                  | slightly enhanced at high health. [demonic ancestry]
 26467 | Orc:2    | Reached XP level 16. HP: 92/125 MP: 12/16
 26747 | Orc:2    | Paralysed by an orc sorcerer for 2 turns
 27476 | Orc:2    | Found Iggexad's Antique Armour Shoppe.
 27476 | Orc:2    | Found Potaeluf's Book Emporium.
 27476 | Orc:2    | Found a one-way gate leading to the halls of Pandemonium.
 27703 | Depths:1 | Entered Level 1 of the Depths
 27738 | Depths:1 | Found a runed translucent gate.
 27738 | Depths:1 | Found a runed translucent gate.
 27738 | Depths:1 | Found a runed translucent gate.
 27738 | Depths:1 | Noticed Karim's ghost (journeyman NaFi)
 27738 | Depths:1 | Noticed a Brimstone Fiend
 27794 | Depths:1 | Paralysed by a great orb of eyes for 4 turns
 28063 | Depths:1 | Found a gateway to Hell.
 28802 | Depths:1 | You fall through a shaft!
 29318 | Depths:2 | Noticed Aizul
 29821 | Depths:2 | Reached XP level 17. HP: 29/131 MP: 7/17
 30487 | Swamp:1  | Entered Level 1 of the Swamp
 31695 | Swamp:1  | You fall through a shaft!
 31825 | Swamp:2  | Got a crude leather armour
 31836 | Swamp:2  | Identified the +3 leather armour of Beogh {+Blink rElec
                  | Str-2} (You found it on level 2 of the Swamp)
 32988 | Swamp:2  | Reached skill level 15 in Armour
 35271 | Swamp:4  | Entered Level 4 of the Swamp
 37272 | Swamp:4  | Got a decaying rune of Zot
 37336 | Swamp:4  | Reached XP level 18. HP: 129/138 MP: 18/18
 37793 | Lair:1   | Bought a polished shield for 209 gold pieces
 37793 | Lair:1   | Bought a pair of transparent gloves for 209 gold pieces
 37803 | Lair:1   | Identified the +4 pair of gloves of Music {rF+ MP-9 Int+5
                  | Slay+6} (You bought it in a shop on level 1 of the Lair of
                  | Beasts)
 37815 | Lair:1   | Identified the cursed -1 shield of the Earth {*Slow MR+
                  | Int+4} (You bought it in a shop on level 1 of the Lair of
                  | Beasts)
 37831 | Lair:1   | Bought an ancient chain mail for 209 gold pieces
 37841 | Lair:1   | Identified the cursed +0 chain mail of Fimosah {Str-2
                  | Dex+4} (You bought it in a shop on level 1 of the Lair of
                  | Beasts)
 37857 | Lair:1   | Bought the amulet of Xytenash {Reflect rF- rN+ Str+9 SH+3}
                  | for 543 gold pieces
 37857 | Lair:1   | Bought the ring "Hianwuimp" {rF+ rN+ Str+3 Stlth-} for 448
                  | gold pieces
 37942 | Spider:1 | Entered Level 1 of the Spider Nest
 38298 | Spider:1 | Reached skill level 5 in Shields
 38894 | Elf:1    | Entered Level 1 of the Elven Halls
 38995 | Elf:1    | Found Jixtydu's Weapon Emporium.
 39076 | Elf:1    | Reached skill level 6 in Shields
 39294 | Elf:1    | Reached skill level 7 in Shields
 39648 | Elf:1    | Got a glittering bronze ring
 39840 | Elf:2    | Identified the ring of Ercho {Ice *Contam rPois MR+ SInv}
                  | (You found it on level 1 of the Elven Halls)
 39977 | Elf:2    | Reached skill level 8 in Shields
 40068 | Elf:2    | Reached skill level 9 in Shields
 40278 | Elf:2    | Found a runed translucent gate.
 40278 | Elf:2    | Found a runed translucent gate.
 40278 | Elf:2    | Found a runed translucent gate.
 40751 | Spider:2 | Reached skill level 10 in Shields
 41932 | Spider:3 | Reached skill level 11 in Shields
 42398 | Spider:3 | Gained mutation: You frequently emit foul miasma when
                  | damaged in melee. [demonic ancestry]
 42398 | Spider:3 | Reached XP level 19. HP: 137/144 MP: 0/19
 42491 | Spider:3 | Reached skill level 12 in Shields
 42674 | Spider:4 | Entered Level 4 of the Spider Nest
 43390 | Spider:4 | Reached skill level 13 in Shields
 43658 | Spider:4 | Got a gossamer rune of Zot
 43978 | Spider:4 | Reached skill level 14 in Shields
 44331 | Elf:3    | Entered Level 3 of the Elven Halls
 44577 | Elf:3    | Noticed Nikola
 44583 | Elf:3    | Killed Nikola
 44849 | Elf:3    | Cast into level 2 of the Abyss (a ghostly deep elf
                  | demonologist)
 44905 | Elf:3    | Escaped the Abyss
 45258 | Elf:3    | Reached skill level 15 in Shields
 45275 | Elf:3    | Identified the cursed +1 robe "Muisefo" {rF+ MR+ Str+3}
 45537 | Elf:3    | Identified the Catalogue of Lethal Feathers
 45550 | Elf:3    | Got a twitching brass ring
 45583 | Elf:3    | Identified the ring "Utzo Xif" {rElec rPois MR+ Str+4
                  | Stlth-} (You found it on level 3 of the Elven Halls)
 45587 | Elf:3    | Identified 2 scrolls of acquirement
 45590 | Elf:3    | Got a vibrating copper ring
 45592 | Elf:3    | Identified the ring of Taxtise {*Tele MR+} (You found it on
                  | level 3 of the Elven Halls)
 45614 | Elf:3    | Got a faintly glowing chain mail
 45620 | Elf:3    | Identified the +1 chain mail "Feicro" {rPois} (You found it
                  | on level 3 of the Elven Halls)
 46079 | Elf:3    | Found Kyadeowk's Magic Scroll Shoppe.
 46094 | Elf:3    | Gained mutation: You are completely covered in thin
                  | metallic scales. (AC +4, rElec) [demonic ancestry]
 46094 | Elf:3    | Reached XP level 20. HP: 105/151 MP: 11/20
 46139 | Elf:3    | Bought a scroll of teleportation for 54 gold pieces
 46139 | Elf:3    | Bought a scroll of teleportation for 54 gold pieces
 46139 | Elf:3    | Bought a scroll of teleportation for 54 gold pieces
 46139 | Elf:3    | Bought a scroll of identify for 36 gold pieces
 46139 | Elf:3    | Bought a scroll of identify for 36 gold pieces
 46139 | Elf:3    | Bought a scroll of identify for 36 gold pieces
 46139 | Elf:3    | Bought a scroll of identify for 36 gold pieces
 46139 | Elf:3    | Bought a scroll of identify for 36 gold pieces
 46139 | Elf:3    | Bought a scroll of identify for 36 gold pieces
 46139 | Elf:3    | Bought a scroll of teleportation for 54 gold pieces
 46139 | Elf:3    | Bought a scroll of enchant armour for 135 gold pieces
 46472 | Lair:1   | Mutation became permanent: You have razor-sharp toenails.
                  | [demonic ancestry]
 46472 | Lair:1   | Gained mutation: You have claws for feet. [demonic
                  | ancestry]
 46472 | Lair:1   | Reached XP level 21. HP: 159/159 MP: 12/21
 46582 | Lair:1   | Bought a scroll of enchant armour for 300 gold pieces
 46582 | Lair:1   | Bought a scroll of identify for 80 gold pieces
 46648 | Vaults:1 | Entered Level 1 of the Vaults
 46694 | Vaults:1 | Reached skill level 16 in Shields
 47097 | Vaults:1 | Reached skill level 17 in Shields
 48290 | Vaults:2 | Reached skill level 18 in Shields
 48568 | Vaults:2 | Found Kymikexu's Book Emporium.
 48581 | Vaults:2 | Found a hazy altar of Hepliaklqana.
 49210 | Vaults:2 | You fall through a shaft!
 49354 | Vaults:3 | Found a staircase to the Crypt.
 49432 | Vaults:3 | Reached XP level 22. HP: 157/165 MP: 13/22
 49437 | Vaults:3 | Reached skill level 19 in Shields
 50292 | Vaults:3 | Noticed Frederick
 50298 | Vaults:3 | Killed Frederick
 50302 | Vaults:3 | Found Etiamilo's Weapon Shoppe.
 50305 | Vaults:3 | Bought the +11 scimitar of Trauma {vamp, +Rage rPois rF+}
                  | for 1862 gold pieces
 51230 | Vaults:4 | Reached skill level 20 in Shields
 51536 | Vaults:4 | Noticed Jory
 51566 | Vaults:4 | Killed Jory
 51597 | Vaults:4 | Found Wotebuf's Book Shoppe.
 52094 | Vaults:5 | Entered Level 5 of the Vaults
 52118 | Vaults:5 | Noticed a golden dragon
 52135 | Vaults:5 | Reached skill level 21 in Shields
 52484 | Vaults:5 | Gained mutation: Your magical and physical power is
                  | enhanced at high health. [demonic ancestry]
 52484 | Vaults:5 | Reached XP level 23. HP: 143/171 MP: 14/23
 52528 | Vaults:5 | Cast into level 3 of the Abyss (a deep elf sorcerer)
 52556 | Vaults:5 | Escaped the Abyss
 52562 | Vaults:5 | Reached skill level 22 in Shields
 52938 | Vaults:5 | Identified the amulet "Nazes" {Acrobat rF++ MR+}
 53002 | Vaults:5 | Identified the +0 broad axe "Giebazae" {chop, rC+}
 53436 | Vaults:5 | Reached skill level 23 in Shields
 53497 | Vaults:5 | Found Daer's Magic Scroll Shop.
 53506 | Vaults:5 | Bought a scroll of holy word for 150 gold pieces
 53506 | Vaults:5 | Bought a scroll of blinking for 150 gold pieces
 53506 | Vaults:5 | Bought a scroll of teleportation for 60 gold pieces
 53506 | Vaults:5 | Bought a scroll of teleportation for 60 gold pieces
 53615 | Vaults:5 | Identified the Guide on Fiery Calling
 53833 | Vaults:5 | Got a silver rune of Zot
 53907 | Vaults:5 | Identified the +5 scimitar "Hydrabane" {flame, rF+ MR+
                  | Int-3}
 54051 | Vaults:5 | Got a polished plate armour
 54052 | Vaults:5 | Identified the +9 plate armour of Spring {MR- Dex+6 Stlth+}
                  | (You found it on level 5 of the Vaults)
 54289 | Vaults:5 | Paralysed by a sphinx for 7 turns
 54864 | Depths:1 | Found a gateway to a ziggurat.
 55050 | Depths:1 | Found a runed translucent door.
 55074 | Depths:1 | Paralysed by a great orb of eyes for 5 turns
 55279 | Depths:1 | Got a translucent sapphire amulet
 55512 | Depths:1 | Reached XP level 24. HP: 178/178 MP: 14/23
 55621 | Depths:1 | Killed Karim's ghost
 55733 | Depths:2 | Killed Aizul
 55784 | Depths:2 | Reached skill level 24 in Shields
 56673 | Depths:3 | Noticed DungeonDestroyer's ghost (adept MiFi)
 56675 | Depths:3 | Noticed a juggernaut
 56744 | Depths:3 | Identified the +3 chain mail of the Game of Life {rC+
                  | Stlth+} (You found it on level 3 of the Depths)
 56745 | Depths:3 | Identified the amulet of Nyech {Reflect MR++ Str-3 Dex+6
                  | SH+3} (You found it on level 1 of the Depths)
 57047 | Depths:3 | Found a runed translucent gate.
 57048 | Depths:3 | Found a runed translucent gate.
 57052 | Depths:3 | Found a runed translucent gate.
 57505 | Depths:4 | Reached skill level 25 in Shields
 57660 | Depths:4 | Identified the cursed +0 halberd "Opric" {protect, rElec
                  | rF+}
 57672 | Depths:4 | Paralysed by a vampire knight for 3 turns
 57920 | Depths:4 | Found a runed door.
 58083 | Depths:4 | Found a one-way gate to the infinite horrors of the Abyss.
 58439 | Depths:4 | Reached XP level 25. HP: 144/184 MP: 14/23
 58486 | Depths:4 | Noticed an ancient lich
 58496 | Depths:4 | Killed an ancient lich
 58519 | Depths:4 | Got an ichor-stained hat
 58539 | Depths:4 | Identified the +2 hat of the Dice {*Drain rElec Str-4 SInv}
                  | (You found it on level 4 of the Depths)
 58563 | Depths:4 | Identified the Tome of Cloudy Flames
 58629 | Depths:5 | Entered Level 5 of the Depths
 58643 | Depths:5 | Reached skill level 26 in Shields
 58901 | Depths:5 | Found a gate to the Realm of Zot.
 59145 | Depths:5 | Found a runed translucent door.
 59146 | Depths:5 | Found a shimmering altar of Xom.
 59146 | Depths:5 | Noticed Ahoash's ghost (adept TrMo)
 59146 | Depths:5 | Identified the +4 morningstar of Honesty {chaos, rF++
                  | Str+3}
 59587 | Depths:5 | Found a viscous altar of Jiyva.
 59856 | Depths:5 | Found a gateway to a bazaar.
 59869 | Bazaar   | Entered a bazaar
 59886 | Bazaar   | Found Sent's Antique Armour Emporium.
 59890 | Bazaar   | Bought the +1 cloak of Starlight {rElec rC+ EV+4 Stlth--}
                  | for 1379 gold pieces
 59890 | Bazaar   | Found the +1 cloak of Starlight {rElec rC+ EV+4 Stlth--}
 59890 | Bazaar   | Bought spiked shadow dragon scales for 2635 gold pieces
 59890 | Bazaar   | Bought a smoking chain mail for 294 gold pieces
 59901 | Bazaar   | Found Xidwipp's Armour Shoppe.
 59916 | Bazaar   | Found Woqigagg's Food Emporium.
 59920 | Bazaar   | Bought a ration for 45 gold pieces
 59920 | Bazaar   | Bought a ration for 45 gold pieces
 59920 | Bazaar   | Bought a ration for 45 gold pieces
 59920 | Bazaar   | Bought a ration for 45 gold pieces
 59920 | Bazaar   | Bought a ration for 45 gold pieces
 59920 | Bazaar   | Bought a ration for 45 gold pieces
 59920 | Bazaar   | Bought a ration for 45 gold pieces
 59920 | Bazaar   | Bought a ration for 45 gold pieces
 59931 | Bazaar   | Found Ydatsu's Gadget Emporium.
 60186 | Depths:5 | Killed Ahoash's ghost
 60194 | Depths:5 | Identified the amulet of the First Shrikes {Gourm rC+} (You
                  | found it on level 5 of the Depths)
 60195 | Depths:5 | Identified the cursed +0 shadow dragon scales of the
                  | Constellations {+Fly Stlth++++} (You bought it in a shop in
                  | a bazaar)
 60196 | Depths:5 | Identified the +6 chain mail "Githrizekk" {Regen+ Str+5
                  | Dex-3} (You bought it in a shop in a bazaar)
 60415 | Lair:1   | Got a heavily runed hat
 60426 | Lair:1   | Identified the -3 hat of Deoptuov {rElec MR+ Str-4} (You
                  | acquired it on level 1 of the Lair of Beasts)
 60427 | Lair:1   | Got an amber-encrusted plate armour
 60438 | Lair:1   | Identified the +4 plate armour "Eganup" {rF+ Int+3} (You
                  | acquired it on level 1 of the Lair of Beasts)
 60476 | Lair:1   | Got a faintly humming large shield
 60487 | Lair:1   | Identified the +0 large shield of Defence {rF+ rCorr Str+3}
                  | (You acquired it on level 1 of the Lair of Beasts)
 60501 | Lair:1   | Bought the ring "Xesac" {rF+ MP+9 Str+6 Int-4 Slay+3} for
                  | 1970 gold pieces
 60654 | Lair:1   | Quit the game

Skill      XL: |  1  2  3  4  5  6  7  8  9 10 11 12 13 14 15 16 17 18 19 20 21 22 23 24 25 |
---------------+----------------------------------------------------------------------------+-----
Armour         | 1 2 3 4 5 7 10 12 14 15 | 15.4
Long Blades    | 3 4 5 6 8 12 14 | 14.0
Dodging        | 3 4 6 8 10 12 13 15 16 18 19 | 19.2
Fighting       | 3 4 5 7 8 11 12 | 12.8
Shields        | 4 11 15 18 21 23 25 26 | 26.1
Throwing       | |  1.7

Action                   |  1- 3 |  4- 6 |  7- 9 | 10-12 | 13-15 | 16-18 | 19-21 | 22-24 | 25-27 || total
-------------------------+-------+-------+-------+-------+-------+-------+-------+-------+-------++-------
Melee: Long sword        |    68 |   227 |   614 |   315 |       |   288 |       |       |       ||  1512
       Kick              |    21 |    16 |   225 |   337 |   983 |   995 |   611 |  1102 |   174 ||  4464
       Scimitar          |       |       |       |   431 |  1507 |  1177 |   918 |  1525 |   274 ||  5832
Throw: Throwing net      |       |       |       |       |       |       |       |     1 |       ||     1
Invok: Call Merchant     |       |       |       |     1 |       |     2 |     1 |       |     1 ||     5
       Potion Petition   |       |       |       |       |     1 |       |       |       |       ||     1
 Abil: Evoke Berserk Rag |       |       |       |       |       |       |       |     1 |       ||     1
Evoke: Wand              |       |       |       |       |       |     3 |       |       |       ||     3
  Use: Potion            |     1 |       |     3 |     3 |     2 |     9 |     2 |       |     1 ||    21
       Scroll            |       |       |     5 |     8 |    12 |    15 |     8 |     9 |     9 ||    66
 Stab: Distracted        |       |       |     2 |     7 |    21 |    24 |    16 |    16 |     5 ||    91
       Sleeping          |       |       |       |     1 |       |       |       |       |       ||     1
       Petrifying        |       |       |       |       |     3 |       |       |       |       ||     3
       Petrified         |       |       |       |       |     1 |       |       |       |       ||     1
       Invisible         |       |       |       |       |     3 |       |       |       |       ||     3
       Confused          |       |       |       |       |       |     1 |       |       |       ||     1
  Eat: Ration            |       |     3 |     6 |     7 |    11 |    17 |     6 |    11 |     2 ||    63
Armor: Leather armour    |    16 |       |    16 |   115 |       |       |       |       |       ||   147
       Ring mail         |    13 |    88 |   110 |     7 |       |       |       |       |       ||   218
       Plate armour      |       |       |       |    62 |   337 |   427 |   176 |   427 |    51 ||  1480
Dodge: Dodged            |    72 |   154 |   483 |   576 |   960 |  1438 |   605 |  1297 |   122 ||  5707
Block: Other             |       |       |    35 |   107 |    24 |       |       |       |       ||   166
       Buckler           |       |       |       |       |   609 |   775 |   561 |  1168 |   138 ||  3251
       Reflection        |       |       |       |       |    17 |    28 |    65 |    82 |     3 ||   195
       Rpst.: Long sword |    19 |    44 |   141 |    65 |       |    52 |       |       |       ||   321
       Scimitar          |       |       |       |    93 |   204 |   189 |   137 |   198 |    17 ||   838
